Construct Section Command Post
Construct Platoon Command Post
Selects Indian Artillery Battlegroup
Construct Field Infirmary
Unlock Bishop Self-propelled Artillery
Selects Gurkha Rifles Section
Selects Gurkha Rifles Section
Selects Artillery Saturation
6-pounder Anti-tank Gun Team
Bishop Self-propelled Artillery
Selects Off-map Airburst Barrage
Bishop Self-propelled Artillery
Selects Gurkha Rifles Section
6-pounder Anti-tank Gun Team
Selects Gurkha Rifles Section
Construct Company Command Post
Selects Perimeter Monitor
Unlock Towed 17-pounder Anti-tank Guns